 Dungeon Crawl Stone Soup version 0.24.0-37-gcf1ca852f1 (webtiles) character file.

Game seed: 9028880072692463129, levelgen mode: deterministic

70602 Delamore the Severer (level 15, -5/145 HPs)
             Began as a Hill Orc Fighter on Nov 22, 2019.
             Was the Champion of Okawaru.
             Slain by a red devil
             ... wielding a +0 demon trident
             ... summoned by an orc high priest
             ... summoned by an orange crystal statue
              (6 damage)
             ... on level 2 of the Orcish Mines.
             The game lasted 00:53:58 (20959 turns).

Delamore the Severer (Hill Orc Fighter)            Turns: 20959, Time: 00:53:59

Health: -5/145     AC: 26    Str: 28    XL:     15   Next: 33%
Magic:  0/15       EV:  7    Int: -1 (8) God:    Okawaru [******]
Gold:   2485       SH: 19    Dex: 16    Spells: 14/14 levels left

rFire    . . .     SeeInvis +   N - +14 obsidian axe {chop, +Fly SInv *Curse}
rCold    + . .     Gourm    .   c - +0 shield
rNeg     . . .     Faith    .   Q - +1 plate armour of the Mantidfly {rElec MR+ Str+3}
rPois    +         Spirit   .   E - +0 mask of the Dragon {MR+ Slay+3 SInv}
rElec    +         Reflect  +   f - +1 cloak {rPois}
rCorr    .         Harm     .   L - +1 pair of gloves {Str+3}
MR       ++++.                  V - +2 pair of boots of the Assassin {Detection Stab+ Stlth++}
Stlth    ..........             a - +6 amulet of reflection
HPRegen  0.34/turn              Z - ring of Liberalism {rC+ Str-4 Dex+6 Slay+2}
MPRegen  0.14/turn              k - ring of protection from magic

@: mesmerised, slowed, lost intelligence, studying 2 skills, very slow
A: no striking features
a: Heroism, Finesse, Renounce Religion, Evoke Flight


You were on level 2 of the Orcish Mines.
You worshipped Okawaru.
Okawaru was exalted by your worship.
You were not hungry.

You visited 3 branches of the dungeon, and saw 19 of its levels.
You also visited: Gauntlet and Ice Cave.

You collected 2509 gold pieces.
You spent 24 gold pieces at shops.

Inventory:

Hand Weapons
 N - the +14 obsidian axe (weapon) {chop, +Fly SInv *Curse}
   (You found it in a Gauntlet)

   It inflicts extra damage upon your enemies.
   It lets you see invisible.
   It lets you fly.
   It curses itself when equipped.
Missiles
 H - 3 throwing nets
 R - 11 silver javelins (quivered)
Armour
 c - a +0 shield (worn)
 f - a +1 cloak of poison resistance (worn)
 n - the +2 scale mail "Topios" {rPois rF+ rC+ Slay+3}
   (You found it in an ice cave)

   It affects your accuracy and damage with ranged weapons and melee attacks
   (+3).
   It protects you from fire.
   It protects you from cold.
   It protects you from poison.
 B - a scarf of cloud immunity
 E - the +0 mask of the Dragon (worn) {MR+ Slay+3 SInv}
   (You found it in an ice cave)

   It affects your accuracy and damage with ranged weapons and melee attacks
   (+3).
   It affects your resistance to hostile enchantments.
   It lets you see invisible.
 L - a +1 pair of gloves of strength (worn)
 Q - the +1 plate armour of the Mantidfly (worn) {rElec MR+ Str+3}
   (You took it off a minotaur in a Gauntlet)

   It affects your strength (+3).
   It insulates you from electricity.
   It affects your resistance to hostile enchantments.
 V - the +2 pair of boots of the Assassin (worn) {Detection Stab+ Stlth++}
   (Okawaru gifted it to you on level 3 of the Lair of Beasts)

   It makes you much more stealthy.
Jewellery
 a - a +6 amulet of reflection (around neck)
 k - a ring of protection from magic (right hand)
 Z - the ring of Liberalism (left hand) {rC+ Str-4 Dex+6 Slay+2}
   (You found it in an ice cave)

   [ring of protection from cold]

   It affects your strength (-4).
   It affects your dexterity (+6).
   It affects your accuracy and damage with ranged weapons and melee attacks
   (+2).
   It protects you from cold.
Wands
 u - a wand of disintegration (15)
 C - a wand of digging (2)
 J - a wand of iceblast (3)
 T - a wand of flame (43)
 U - a wand of paralysis (25)
Scrolls
 e - 2 scrolls of enchant weapon
 g - 10 scrolls of teleportation
 h - a scroll of brand weapon
 j - 3 scrolls of magic mapping
 o - 2 scrolls of amnesia
 v - a scroll of identify
 x - 3 scrolls of remove curse
 F - 2 scrolls of enchant armour
 G - 2 scrolls of fog
 I - 2 scrolls of summoning
 K - a scroll of fear
 M - 2 scrolls of blinking
Potions
 b - a potion of degeneration {unknown}
 d - a potion of might
 i - 7 potions of curing
 l - 5 potions of brilliance
 m - 5 potions of haste
 r - 3 potions of agility
 s - a potion of flight
 t - a potion of magic {unknown}
 z - a potion of resistance
 P - a potion of ambrosia
 W - a potion of mutation
 X - a potion of invisibility {unknown}
Books
 A - a manual of Throwing
 S - a manual of Maces & Flails
Comestibles
 q - 5 rations


   Skills:
 * Level 16.3 Fighting
 - Level 20.1 Axes
 * Level 13.9 Armour
 * Level 10.3 Shields


You had 14 spell levels left.
You didn't know any spells.
Your spell library contained the following spells:

 Spells                   Type           Power        Failure   Level  Hunger
 Beastly Appendage        Tmut           #.....       100%        1    ##.....
 Flame Tongue             Conj/Fire      #....        100%        1    ##.....
 Freeze                   Ice            #...         100%        1    ##.....
 Magic Dart               Conj           #...         100%        1    ##.....
 Blink                    Tloc           N/A          100%        2    ###....
 Call Imp                 Summ           #.......     100%        2    ###....
 Slow                     Hex            #.......     100%        2    ###....
 Sticks to Snakes         Tmut           #.......     100%        2    ###....
 Throw Flame              Conj/Fire      #.....       100%        2    ###....
 Throw Frost              Conj/Ice       #.....       100%        2    ###....
 Conjure Flame            Conj/Fire      #.......     100%        3    ####...
 Inner Flame              Hex/Fire       #.......     100%        3    ####...
 Mephitic Cloud           Conj/Pois/Air  #.......     100%        3    ####...
 Ozocubu's Armour         Chrm/Ice       #.......     100%        3    ####...
 Spider Form              Tmut/Pois      #.........   100%        3    ####...
 Ice Form                 Ice/Tmut       #.......     100%        4    #####..
 Sticky Flame             Conj/Fire      #.......     100%        4    #####..
 Summon Ice Beast         Ice/Summ       #.......     100%        4    #####..
 Throw Icicle             Conj/Ice       #.......     100%        4    #####..
 Blade Hands              Tmut           #.........   100%        5    ######.
 Fireball                 Conj/Fire      #.........   100%        5    ######.
 Metabolic Englaciation   Hex/Ice        #.........   100%        5    ######.
 Bolt of Cold             Conj/Ice       #.........   100%        6    #######
 Freezing Cloud           Conj/Ice/Air   #.........   100%        6    #######
 Ozocubu's Refrigeration  Ice            #.........   100%        6    #######
 Simulacrum               Ice/Necr       #.........   100%        6    #######


Dungeon Overview and Level Annotations

Branches:
Dungeon (11/15)            Temple (0/1) D:6            Lair (6/6) D:10
  Swamp (0/4) Lair:2        Snake (0/4) Lair:2        Slime (0/5) Lair:5
    Orc (2/2) D:11            Elf (0/3) Orc:2         IceCv (visited)
Gauntlet (visited)

Altars:
Cheibriados
Fedhas
Gozag
Kikubaaqudgha
Nemelex Xobeh
Okawaru
Ru
Zin
The Shining One
Beogh

Shops:
Orc:1 *   Orc:2 (%=[

Annotations:
Orc:2 1 runed translucent door, exclusion: 3 orange crystal statues


Message History

The red devil is lightly wounded.
You hit the soul eater but do no damage.
You slice the troll!!
You kill the troll!
The troll's corpse dissolves into shadows!
You slash the orc warrior! You slice the orc high priest!!
Visions of slaying the soul eater flood into your mind.
The orc priest no longer looks unusually strong.
The orc no longer looks unusually strong.
The orc warrior no longer looks unusually strong.
You block the orc knight's attack.
The orc high priest hits you with a +0 scimitar.
* * * LOW HITPOINT WARNING * * *
The orange crystal statue fixes its piercing gaze on you.
Something tries to feed on your intellect!
The orc knight hits you from afar with a +0 halberd!!
* * * LOW HITPOINT WARNING * * *
The red devil hops backward while attacking.
The red devil hits you from afar with a +0 demon trident.
You die...

...........## ##### ###...##
............####.#.## ##.#.....
.......#.....##.....#####........
.............#.............#..##.
.<..............#########.....#.#
..#.............#8o....8#........
................#T#o..#.#........
................#ooo....#........
..............4.@ooh[..(+.....##.
...............3#oo.....#....#.#.
................#o#...#.#........
................#......8#........
.(<...........#§#########........
..........§§§§#§.................
..........§§§§§###...............
........###§§§#######............
......# ##§§4#§§§##...##.......


You could see 3 orange crystal statues, 2 orc knights, a soul eater, an orc high
priest, a troll, a warg, a red devil, 2 orc warriors, an orc priest and 4 orcs.

Vanquished Creatures
  The ghost of sbaton the Warrior, a journeyman FoFi of Okawaru (Orc:2)
  A stone giant (Orc:2)
  A white draconian (IceCv)
  A minotaur (Gauntlet)
  An ettin (Orc:2)
  Fannar (Lair:2)
  6 hydras
  A catoblepas (Lair:4)
  2 two-headed ogres
  2 death yaks (IceCv)
  Urug (Lair:2)
  A thrashing horror (Gauntlet)
  Nergalle (D:10)
  A fire crab (Gauntlet)
  An unseen horror (D:10)
  An orange crystal statue (Orc:2)
  Pikel (D:8)
  An ugly thing (D:11)
  2 orc knights
  A manticore (D:11)
  A cyclops (D:11)
  6 elephants (Lair:5)
  An ice statue (IceCv)
  2 black mambas
  A gargoyle (D:11)
  A torpor snail (Lair:6)
  19 spiny frogs
  2 rime drakes
  8 komodo dragons
  A demonic crawler (Lair:4)
  3 trolls
  20 polar bears
  3 tyrant leeches (Lair:6)
  5 hippogriffs
  20 blink frogs
  48 yaks
  2 wyverns
  The ghost of demivan the Charmwright, an amateur GnSk (D:3)
  5 fire bats (Gauntlet)
  2 basilisks
  5 vampire mosquitoes (Lair:6)
  2 swamp worms (Lair:4)
  4 wargs
  10 water moccasins
  2 hell hounds (Gauntlet)
  35 orc warriors
  7 porcupines
  An eye of draining (D:8)
  9 ogres
  2 sky beasts
  2 black bears
  An ice beast (D:8)
  2 necrophages
  3 phantoms
  23 wolves
  11 centaurs
  5 crocodiles
  4 small abominations (Gauntlet)
  22 bullfrogs
  5 scorpions
  15 killer bees
  5 wights
  2 howler monkeys
  2 electric eels (Lair:6)
  2 crimson imps
  A bullfrog zombie (D:10)
  5 jellies
  3 quasits
  2 centaur zombies
  10 hounds
  14 orc priests
  17 orc wizards
  Crazy Yiuf (D:4)
  3 bullfrog skeletons (D:11)
  2 centaur skeletons
  3 worker ants
  11 adders
  10 gnolls
  2 shadow imps
  4 oozes (Lair:5)
  2 adder skeletons
  An adder zombie (D:7)
  4 worms
  A dart slug (D:1)
  8 leopard geckos
  62 orcs
  7 bats
  3 giant cockroaches
  9 goblins
  5 hobgoblins
  6 jackals
  5 quokkas
  A ball python (D:2)
  7 frilled lizards
  9 kobolds
  9 rats
  9 fungi
  4 plants
600 creatures vanquished.

Vanquished Creatures (collateral kills)
  Harold (Orc:1)
  4 hydras
  The ghost of erzklaus the Thaumaturge, a journeyman GnSk of Okawaru (D:11)
  An ugly thing (D:11)
  A black mamba (Lair:3)
  3 spiny frogs
  A rime drake (Lair:5)
  A tyrant leech (Lair:6)
  7 blink frogs (Lair:6)
  8 yaks
  A swamp worm (Lair:4)
  A vampire mosquito (Lair:6)
  An orc warrior (Orc:2)
  3 wolves
  2 ogres (Orc:1)
  A centaur (D:11)
  3 bullfrogs (Lair:6)
  An electric eel (Lair:6)
  2 orc priests
  8 orcs
  A goblin (D:11)
  3 fungi
  4 plants (Lair:6)
59 creatures vanquished.

Vanquished Creatures (others)
  A wolf (IceCv)
  4 centaurs (Orc:2)
  A jelly (D:8)
  2 orcs
  25 fungi
  29 plants
62 creatures vanquished.

Grand Total: 721 creatures vanquished

Notes
Turn   | Place    | Note
-------+----------+-------------------------------------------
     0 | D:1      | Delamore the Hill Orc Fighter began the quest for the Orb.
     0 | D:1      | Reached XP level 1. HP: 19/19 MP: 1/1
    33 | D:1      | Reached skill level 3 in Axes
   161 | D:1      | Reached XP level 2. HP: 26/26 MP: 2/2
   298 | D:1      | Reached skill level 4 in Axes
   476 | D:1      | Reached XP level 3. HP: 27/31 MP: 3/3
   848 | D:2      | Reached skill level 5 in Axes
   869 | D:2      | Found an ancient bone altar of Kikubaaqudgha.
   873 | D:2      | Found a glowing golden altar of the Shining One.
   874 | D:2      | Found a glowing silver altar of Zin.
   876 | D:2      | Found a sacrificial altar of Ru.
   878 | D:2      | Found a snail-covered altar of Cheibriados.
  1022 | D:2      | Reached XP level 4. HP: 34/39 MP: 4/4
  1256 | D:2      | Reached skill level 6 in Axes
  1493 | D:3      | Found a runed translucent gate.
  1493 | D:3      | Found a runed translucent gate.
  1493 | D:3      | Found a runed translucent gate.
  1494 | D:3      | Noticed demivan's ghost (amateur GnSk)
  1576 | D:3      | Reached XP level 5. HP: 30/45 MP: 5/5
  1773 | D:3      | Reached skill level 7 in Axes
  2138 | D:3      | Killed demivan's ghost
  2138 | D:3      | Reached skill level 8 in Axes
  2138 | D:3      | Reached XP level 6. HP: 7/51 MP: 6/6
  2475 | D:4      | Reached skill level 9 in Axes
  2793 | D:4      | Reached XP level 7. HP: 55/57 MP: 7/7
  2957 | D:4      | Reached skill level 10 in Axes
  3008 | D:4      | Found a runed translucent door.
  3009 | D:4      | Noticed Crazy Yiuf
  3124 | D:4      | Found an iron altar of Okawaru.
  3124 | D:4      | Found a blossoming altar of Fedhas.
  3128 | D:4      | Became a worshipper of Warmaster Okawaru
  3312 | D:4      | Killed Crazy Yiuf
  3328 | D:5      | Entered Level 5 of the Dungeon
  3694 | D:5      | Reached skill level 11 in Axes
  3929 | D:5      | Reached XP level 8. HP: 59/64 MP: 8/8
  4468 | D:6      | Reached * piety under Okawaru
  4468 | D:6      | Reached skill level 12 in Axes
  4821 | D:6      | Found a staircase to the Ecumenical Temple.
  5156 | D:7      | Reached skill level 13 in Axes
  5463 | D:7      | Reached skill level 14 in Axes
  5463 | D:7      | Reached XP level 9. HP: 57/69 MP: 9/9
  5470 | D:7      | Reached ** piety under Okawaru
  6095 | D:7      | Reached skill level 15 in Axes
  7186 | D:8      | Reached skill level 16 in Axes
  7599 | D:8      | Reached XP level 10. HP: 72/76 MP: 10/10
  7715 | D:8      | Noticed Pikel
  7739 | D:8      | Killed Pikel
  7739 | D:8      | Reached *** piety under Okawaru
  7739 | D:8      | Reached skill level 17 in Axes
  8634 | D:10     | Entered Level 10 of the Dungeon
  8672 | D:10     | Noticed Nergalle
  9175 | D:10     | Killed Nergalle
  9175 | D:10     | Reached **** piety under Okawaru
  9175 | D:10     | Reached skill level 18 in Axes
  9314 | D:10     | Found a staircase to the Lair.
  9340 | D:10     | Reached skill level 19 in Axes
  9345 | D:10     | Reached ***** piety under Okawaru
  9360 | D:10     | Received a gift from Okawaru
  9642 | D:10     | Reached XP level 11. HP: 74/80 MP: 11/11
  9675 | D:10     | Got a bone rapier {god gift}
  9676 | D:10     | Identified the +7 rapier of the Heavens {speed, rElec Str+5
                  | Dex+4 Stlth+} (Okawaru gifted it to you on level 10 of the
                  | Dungeon)
  9785 | D:10     | Noticed a two-headed ogre
  9798 | D:10     | Killed a two-headed ogre
  9798 | D:10     | Reached skill level 5 in Fighting
 10065 | D:10     | Noticed an unseen horror
 10100 | D:10     | Killed an unseen horror
 10583 | D:11     | Noticed a white ugly thing
 10590 | D:11     | Killed a white ugly thing
 10661 | D:11     | Noticed a two-headed ogre
 10699 | D:11     | Killed a two-headed ogre
 10699 | D:11     | Received a gift from Okawaru
 10699 | D:11     | Reached skill level 20 in Axes
 10979 | D:11     | Noticed an eight-headed hydra
 11020 | D:10     | Killed a two-headed hydra
 11376 | Lair:1   | Entered Level 1 of the Lair of Beasts
 11401 | Lair:1   | Found a gate leading to a gauntlet.
 11417 | Gauntlet | Entered a Gauntlet
 11417 | Gauntlet | Found a transporter.
 11421 | Gauntlet | Found a transporter.
 11423 | Gauntlet | Noticed a fire crab
 11424 | Gauntlet | Found a transporter.
 11427 | Gauntlet | Found a transporter.
 11428 | Gauntlet | Found a transporter.
 11431 | Gauntlet | Found a transporter.
 11433 | Gauntlet | Noticed a thrashing horror
 11437 | Gauntlet | Noticed a sixfirhy
 11440 | Gauntlet | Found a transporter.
 11445 | Gauntlet | Found a transporter.
 11448 | Gauntlet | Found the cursed +14 obsidian axe {chop, +Fly SInv *Curse}
 11465 | Gauntlet | Noticed a sixfirhy
 11466 | Gauntlet | Noticed a sixfirhy
 11532 | Gauntlet | Noticed an obsidian statue
 11566 | Gauntlet | Killed a fire crab
 11946 | Gauntlet | Killed a thrashing horror
 11946 | Gauntlet | Reached skill level 5 in Armour
 11946 | Gauntlet | Reached XP level 12. HP: 89/105 MP: 12/12
 11961 | Gauntlet | Got a jewelled cloak
 11974 | Gauntlet | Identified the cursed -6 cloak of the Maze {-Tele rPois
                  | Int-2 Dex+8} (You found it in a Gauntlet)
 12020 | Gauntlet | Identified the +1 plate armour of the Mantidfly {rElec MR+
                  | Str+3}
 12020 | Gauntlet | Noticed a minotaur
 12031 | Gauntlet | Killed a minotaur
 12031 | Gauntlet | Reached skill level 10 in Fighting
 12546 | Lair:1   | Noticed a four-headed hydra
 12552 | Lair:1   | Killed a nine-headed hydra
 12552 | Lair:1   | Received a gift from Okawaru
 13143 | Lair:2   | Found a staircase to the Swamp.
 13204 | Lair:2   | Noticed Urug
 13213 | Lair:2   | Killed Urug
 13370 | Lair:2   | Noticed Fannar
 13381 | Lair:2   | Killed Fannar
 13726 | Lair:2   | Found a staircase to the Snake Pit.
 13755 | Lair:2   | Reached ****** piety under Okawaru
 14157 | Lair:3   | Received a gift from Okawaru
 14158 | Lair:3   | Found the +2 pair of boots of the Assassin {Detection Stab+
                  | Stlth++}
 14222 | Lair:3   | Reached XP level 13. HP: 107/119 MP: 13/13
 14347 | Lair:3   | Found a sparkling altar of Nemelex Xobeh.
 14642 | Lair:4   | Reached skill level 10 in Armour
 15540 | Lair:5   | Received a gift from Okawaru
 15647 | Lair:5   | Found a frozen archway.
 15697 | IceCv    | Entered an ice cave
 16126 | IceCv    | Got a clouded tin amulet
 16128 | IceCv    | Identified the amulet of the Camelopard {Acrobat Str+4}
                  | (You found it in an ice cave)
 16160 | IceCv    | Reached skill level 5 in Shields
 16192 | IceCv    | Received a gift from Okawaru
 16233 | IceCv    | Found the +0 mask of the Dragon {MR+ Slay+3 SInv}
 16425 | IceCv    | Reached XP level 14. HP: 123/133 MP: 14/14
 16471 | IceCv    | Noticed a white draconian
 16487 | IceCv    | Killed a white draconian
 16529 | IceCv    | Got a heavily runed copper ring
 16563 | IceCv    | Got a spiked scale mail
 16570 | IceCv    | Identified the ring of Liberalism {rC+ Str-4 Dex+6 Slay+2}
                  | (You found it in an ice cave)
 16587 | IceCv    | Identified the +2 scale mail "Topios" {rPois rF+ rC+
                  | Slay+3} (You found it in an ice cave)
 16930 | Lair:5   | Received a gift from Okawaru
 16965 | Lair:5   | Found a staircase to the Slime Pits.
 17744 | Lair:6   | Entered Level 6 of the Lair of Beasts
 18170 | Lair:6   | Reached skill level 15 in Fighting
 18381 | Lair:6   | Received a gift from Okawaru
 19259 | D:11     | Found a staircase to the Orcish Mines.
 19540 | D:11     | Found a runed translucent gate.
 19540 | D:11     | Found a runed translucent gate.
 19540 | D:11     | Found a runed translucent gate.
 19552 | D:11     | Found an opulent altar of Gozag.
 19557 | D:11     | Identified a scroll of acquirement
 19566 | D:11     | Got a polished buckler
 19577 | D:11     | Identified the +1 buckler of Duty {Str+3 Int-4 Dex+3 SInv}
                  | (You acquired it on level 11 of the Dungeon)
 19599 | D:11     | Noticed erzklaus's ghost (journeyman GnSk)
 19606 | D:11     | Reached XP level 15. HP: 139/143 MP: 15/15
 19609 | D:11     | Killed erzklaus's ghost
 19736 | Orc:1    | Entered Level 1 of the Orcish Mines
 19793 | Orc:1    | Noticed Harold
 19804 | Orc:1    | Killed Harold
 19846 | Orc:1    | Found a roughly hewn altar of Beogh.
 19875 | Orc:1    | Found Vuusy's General Store.
 19905 | Orc:1    | Bought a scroll of identify for 24 gold pieces
 20186 | Orc:2    | Entered Level 2 of the Orcish Mines
 20227 | Orc:2    | Reached skill level 10 in Shields
 20337 | Orc:2    | Found Rujash's Food Emporium.
 20337 | Orc:2    | Found Qingam's Jewellery Shop.
 20339 | Orc:2    | Found Deahun's Antique Armour Boutique.
 20341 | Orc:2    | Found Viazae Orghu's Weapon Shoppe.
 20418 | Orc:2    | Found a staircase to the Elven Halls.
 20457 | Orc:2    | Found a runed translucent door.
 20463 | Orc:2    | Found the +10 large shield of Ignorance {rN+ Int-4}
 20633 | Orc:2    | Found a runed translucent door.
 20660 | Orc:2    | Found a runed translucent door.
 20661 | Orc:2    | Noticed sbaton's ghost (journeyman FoFi)
 20677 | Orc:2    | Killed sbaton's ghost
 20677 | Orc:2    | Received a gift from Okawaru
 20947 | Orc:2    | Lost intelligence.
 20959 | Orc:2    | HP: 1/145 [orc knight/+0 halberd[an orange crystal statue]
                  | (20)]
 20959 | Orc:2    | Slain by a red devil

Levels and vault maps discovered:
D:1:      dpeg_arrival_ratfight, layout_loops_corners
D:2:      minmay_general_purpose_star, layout_basic, minitemple
D:3:      layout_loops_ring, ebering_ghost_rock_garden
D:4:      layout_gridville, gammafunk_temple_overflow_wave, first_ration,
          uniq_crazy_yiuf_cottage
D:5:      layout_loops_ring
D:6:      layout_cave_pools, minmay_temple_entry_fiery
D:7:      layout_gridville
D:8:      layout_layer_cave, uniq_pikel
D:9:      layout_cross
D:10:     layout_long_grid, due_lair_maze_entry_diamond, uniq_nergalle
D:11:     layout_rooms, erik_orc_4, ebering_ghost_gozag, special_room
          [special_room_orc]
Lair:1:   layout_concentric_octagons, gauntlet_entry_generic,
          serial_bayou_shore_b
Lair:2:   layout_loops_ring, swamp_mist, guppyfry_snake_entry_garden,
          lemuel_fruit_tree, uniq_urug, uniq_fannar
Lair:3:   layout_big_grid, basic_altar, lemuel_fruit_fields, grunt_megastairs_2
Lair:4:   layout_long_grid, st_stairs_9, worms_lemuel
Lair:5:   layout_gridlike, nicolae_slime_entry_slimehenge,
          portal_ice_cave_entry_pillars_2, serial_forest,
          infiniplex_forest_end_3, infiniplex_forest_clump_double,
          infiniplex_forest_corner_1, infiniplex_forest_lined_corner,
          infiniplex_forest_clump_double, infiniplex_forest_corner_1,
          infiniplex_forest_lined_2, enter_volcano_2, patterned_corridor,
          infiniplex_staircase_pool_2
Lair:6:   minmay_lair_end_frog_pond, layout_regular_city, serial_bayou_shore_a
Orc:1:    layout_caves, serial_shops, nicolae_shop_trees, basic_altar,
          nicolae_orc_tapped_out, uniq_harold
Orc:2:    st_orc_rangers, layout_caves, ebering_ghost_inner_flame,
          chequers_guarded_unrand_ignorance

Skill      XL: |  1  2  3  4  5  6  7  8  9 10 11 12 13 14 15 |
---------------+----------------------------------------------+-----
Axes           | 3 4 5 6 8 9 11 14 16 19 20 | 20.1
Fighting       | 9 12 14 15 16 | 16.3
Armour         | 5 9 11 13 | 13.9
Shields        | 6 9 10 | 10.3

Action                   |  1- 3 |  4- 6 |  7- 9 | 10-12 | 13-15 || total
-------------------------+-------+-------+-------+-------+-------++-------
Melee: War axe           |   108 |   138 |   356 |   346 |       ||   948
       Broad axe         |       |       |       |   115 |   629 ||   744
Throw: Dart              |       |       |       |     6 |       ||     6
       Javelin           |       |       |       |       |    17 ||    17
  Use: Scroll            |       |       |     9 |    10 |    10 ||    29
       Potion            |       |       |       |     2 |       ||     2
 Stab: Distracted        |       |       |       |       |     5 ||     5
  Eat: Chunk             |     1 |     5 |    12 |    18 |    22 ||    58
       Ration            |       |       |     1 |     1 |       ||     2
Armor: Scale mail        |    44 |    49 |   132 |    95 |       ||   320
       Plate armour      |       |       |       |    32 |   321 ||   353
Dodge: Dodged            |    48 |    29 |    79 |    90 |   126 ||   372
Block: Shield            |    52 |    69 |   143 |   336 |   491 ||  1091
       Reflection        |       |       |     1 |    12 |    56 ||    69
